Map: Emerald City LE

Players

CataphractZ

  • Race: Terran Terran
  • League: Diamond
  • Spawn Location: 5:00

Ender

  • Race: Zerg Zerg
  • Spawn Location: 5:00

Nightmare - Winner!

  • Race: Protoss Protoss
  • League: Gold
  • Spawn Location: 11:00

XxDepravity - Winner!

  • Race: Zerg Zerg
  • League: Gold
  • Spawn Location: 11:00

VOD

Have the link to the VOD?

Description

To Battle!

Time

  • Played on: March 20, 2019, 7:40 p.m.
  • Length: 18:57
Show
View Real Time Build Order
Export as new Build Order

CataphractZ Terran 

Build Orders:  

Get SALT Encoding   

  12  0:04  SCV  
  13  0:18  SCV, Supply Depot  
  14  0:30  SCV  
  15  0:40  Barracks  
  15  0:45  SCV  
  16  0:52  Refinery  
  16  0:57  SCV  
  17  1:09  SCV  
  18  1:21  SCV  
  19  1:29  Barracks  
  19  1:32  Barracks Tech Lab  
  19  1:33  SCV  
  20  1:45  Orbital Command  
  20  1:58  Command Center  
  20  2:06  Stimpack  
  20  2:15  SCV  
  21  2:26  Barracks  
  21  2:33  SCV  
  22  2:41  Marine  
  23  2:47  Supply Depot  
  23  2:49  Factory  
  23  3:00  Barracks Reactor  
  23  3:05  Supply Depot  
  23  3:06  Engineering Bay  
  23  3:08  SCV, Marine  
  25  3:16  Marine  
  26  3:21  SCV  
  26  3:24  Refinery  
  27  3:33  SCV  
  27  3:34  Marine  
  28  3:35  Barracks Reactor  
  28  3:39  Factory Tech Lab  
  29  3:47  Orbital Command  
  29  3:50  SCV  
  29  3:52  Marine x2  
  29  3:53  Marine  
  33  4:05  Starport  
  33  4:07  SCV  
  34  4:15  SCV  
  35  4:19  SCV  
  35  4:23  Siege Tank  
  39  4:28  SCV  
  40  4:32  SCV  
  41  4:39  Marine x4  
  41  4:40  SCV  
  41  4:43  Supply Depot, Medivac  
  41  4:44  SCV  
  49  4:47  Supply Depot  
  49  4:52  SCV  
  50  4:56  SCV  
  50  4:58  Supply Depot  
  51  5:04  SCV, Supply Depot  
  52  5:08  SCV  
  52  5:09  Terran Infantry Weapons Level 1  
  52  5:10  Barracks  
  52  5:12  Barracks  
  52  5:13  Starport Reactor  
  53  5:21  Marine x2  
  53  5:22  Marine x3  
  58  5:32  SCV x2  
  58  5:33  Refinery  
  58  5:34  Refinery  
  60  5:36  Supply Depot  
  60  5:37  Supply Depot  
  60  5:44  SCV  
  60  5:45  SCV  
  60  5:48  Marine x5  
  63  6:11  Marine x3  
  63  6:12  Marine x2  
  63  6:15  Marine  
  63  6:16  Marine  
  69  6:22  Missile Turret  
  71  6:27  Missile Turret  
  71  6:29  Marine x4  
  71  6:32  Engineering Bay  
  74  6:33  Siege Tank, Marine  
  74  6:35  Barracks Reactor  
  74  6:36  Barracks Reactor  
  77  6:43  SCV x2, Armory  
  79  6:47  Marine x4  
  79  6:51  Marine  
  79  6:53  Medivac x2  
  88  6:55  SCV x2  
  90  7:03  Terran Infantry Armor Level 1  
  90  7:05  Marine x4  
  90  7:07  SCV x2  
  96  7:09  Marine  
  96  7:14  Marine x4  
  101  7:18  Supply Depot  
  101  7:19  Supply Depot  
  101  7:22  Marine  
  102  7:38  Marine  
  102  7:40  Siege Tank, Marine x3  
  107  7:46  Marine x2  
  101  7:55  Terran Infantry Weapons Level 2  
  101  7:58  Combat Shield  
  101  8:05  Marine  
  102  8:09  Marine x2  
  102  8:10  Command Center, Marine x2  
  102  8:12  Siege Tank  
  109  8:26  Medivac x2  
  113  8:30  Marine x3  
  113  8:31  Marine x2  
  118  8:45  Barracks  
  118  8:49  Barracks  
  118  8:59  Terran Infantry Armor Level 2  
  118  9:05  Terran Vehicle Weapons Level 1  
  118  9:21  Marine x5  
  118  9:22  Orbital Command  
  123  9:25  Marine x4  
  127  9:37  Supply Depot  
  127  9:38  Siege Tank, Supply Depot x2  
  127  9:39  Supply Depot, Marine  
  127  9:40  Supply Depot, Medivac  
  127  9:42  Supply Depot  
  133  9:54  Barracks Reactor  
  133  9:55  Barracks Reactor  
  133  9:57  Orbital Command  
  133  9:58  Medivac, Marine  
  136  10:01  Marauder, Supply Depot  
  136  10:02  Supply Depot, Marine x4  
  136  10:03  Marine x2  
  136  10:04  Marine  
  145  10:17  Terran Infantry Weapons Level 3  
  145  10:19  Viking  
  147  10:28  Viking  
  149  10:34  Marauder  
  151  10:38  Marine x6  
  151  10:39  Marine x2  
  159  10:52  Refinery x2  
  159  11:00  Viking x2  
  159  11:03  Marine x4  
  159  11:04  Marine x7  
  168  11:05  Marine x2  
  176  11:21  Terran Vehicle And Ship Armor Level 1  
  176  11:22  Marine x2  
  176  11:23  Marine x7  
  176  11:24  Marine x4  
  189  11:30  SCV x3  
  192  11:34  Command Center  
  192  11:42  SCV x3  
  195  11:56  Marine x2  
  195  11:59  Supply Depot  
  197  12:21  Marine x3  
  200  12:25  Marine  
  200  12:26  Marine x4  
  177  12:30  Marine x5  
  177  12:32  Medivac x2  
  186  12:38  Marine x3  
  186  12:40  Siege Tank  
  186  12:41  Terran Infantry Armor Level 3  
  187  12:55  Marine x5  
  191  13:02  Medivac x2  
  193  13:12  Marine  
  193  13:13  Marine x6  
  200  13:36  Terran Vehicle And Ship Armor Level 2  
  185  14:30  Marine  
  185  14:31  Marine x7  
  178  14:32  Marine x4  
  178  14:33  Viking x2  
  146  14:41  Marine  
  144  14:48  Marine x2  
  144  14:49  Marine  
  144  14:50  Marine x2  
  144  14:51  Marine x3  
  144  14:53  Marine x2  
  144  14:54  Marine x2  
  144  14:59  Marine  
  149  15:00  Siege Tank  
  149  15:03  Medivac x2  
  149  15:06  Marine x3  
  159  15:08  Marine x2  
  159  15:09  Marine x3  
  159  15:11  Marine x3  
  159  15:12  Marine  
  162  15:17  Marine  
  163  15:21  Barracks  
  163  15:22  Barracks  
  163  15:23  Barracks x2  
  163  15:24  Marine x3  
  163  15:26  Command Center, Marine x2  
  163  15:27  Marine x3  
  171  15:29  Marine x3  
  171  15:32  Siege Tank  
  171  15:33  Medivac  
  178  15:40  Marine x2  
  178  15:42  Marine x2  
  178  15:46  Medivac  
  165  15:50  Marine x5  
  165  15:51  Marine x2  
  165  16:03  Medivac  
  159  16:04  Siege Tank  
  140  16:21  Marine x4  
  140  16:22  Marine x5  
  119  16:31  Marine x3  
  113  16:45  Marine  
  113  16:46  Marine x5  
  119  16:53  Marine x3  
  101  17:16  Marine x5  
  96  17:27  Marine x2  
  96  17:28  Marine x6  
  89  17:34  Marine x3  
  88  17:47  Marine x6  
  88  17:51  Marine x5  
  92  17:52  Marine  
  92  17:54  Marine x2  
  92  17:57  Planetary Fortress  
  99  18:00  Marine x2  
  99  18:04  Marine  
  99  18:05  Marine x3  
  99  18:06  Marine  
  99  18:07  Marine  
  99  18:08  Marine  
  99  18:09  Marine  
  99  18:10  Marine x3  
  106  18:14  Marine x2  
  106  18:15  Marine  
  106  18:18  Marine x2  
  111  18:22  Marine  
  111  18:23  Marine x3  
  111  18:24  Marine x2  
  117  18:27  Marine x2  
  117  18:28  Marine  
  120  18:39  Marine x3  
Show
View Real Time Build Order
Export as new Build Order

Ender Zerg 

Build Orders: Pool First 

Get SALT Encoding   

  12  0:01  Drone  
  13  0:08  Drone  
  14  0:16  Overlord  
  14  0:35  Spawning Pool  
  13  0:36  Drone  
  13  0:41  Drone  
  15  0:45  Drone  
  15  0:49  Drone  
  17  0:59  Drone, Extractor  
  17  1:20  Hatchery  
  17  1:21  Drone  
  17  1:25  Drone  
  18  1:34  Queen  
  20  1:43  Overlord  
  20  1:45  Drone  
  21  1:55  Drone  
  22  2:03  Zergling x2  
  23  2:13  Queen  
  23  2:14  Zergling x2  
  26  2:38  Zergling x2  
  26  2:39  Zergling x4  
  29  2:46  Zergling x2  
  29  2:47  Zergling x6  
  33  2:53  Zergling x2  
  33  2:55  Overlord  
  33  2:57  Queen  
  36  3:11  Baneling Nest  
  34  3:31  Drone  
  34  3:32  Drone x5  
  40  3:36  Metabolic Boost  
  40  3:37  Extractor  
  39  3:44  Roach Warren  
  38  3:48  Lair  
  38  4:08  Hatchery  
  37  4:11  Zergling x2  
  37  4:12  Zergling x2  
  39  4:37  Roach  
  39  4:38  Roach  
  43  4:39  Overlord  
  43  4:40  Overlord x2  
  43  4:57  Queen  
  45  5:06  Roach  
  47  5:07  Roach x4  
  55  5:20  Pneumatized Carapace  
  55  5:27  Drone  
  55  5:28  Drone x5  
  48  5:55  Roach x5  
  48  5:56  Roach x2  
  62  6:14  Zergling x8  
  62  6:15  Zergling x6  
  62  6:18  Roach  
  71  6:27  Spore Crawler  
  68  6:51  Hydralisk Den  
  67  6:55  Glial Reconstitution  
  67  7:03  Evolution Chamber  
  67  7:08  Zergling x2, Evolution Chamber  
  65  7:09  Zergling x16  
  65  7:13  Overlord  
  74  7:30  Hydralisk x3  
  80  7:49  Hydralisk  
  80  7:51  Overlord x2  
  82  7:53  Overlord  
  82  8:01  Zerg Missile Weapons Level 1  
  82  8:08  Zerg Ground Armor Level 1  
  82  8:46  Hydralisk x5  
  82  8:47  Overlord  
  92  9:00  Grooved Spines  
  92  9:22  Hydralisk  
  92  9:23  Hydralisk  
  96  9:24  Hatchery  
  95  9:38  Baneling x4  
  95  9:59  Queen  
  97  10:05  Zerg Missile Weapons Level 2  
  97  10:15  Extractor  
  97  10:16  Drone x5, Extractor  
  97  10:17  Drone x2  
  97  10:18  Overlord  
  102  10:46  Zerg Ground Armor Level 2  
  102  10:54  Zergling x2  
  102  10:55  Overlord x3  
  102  10:56  Overlord  
  103  11:12  Hydralisk x2  
  103  11:13  Hydralisk  
  103  11:17  Overlord  
  109  11:39  Roach x2  
  115  11:40  Roach, Zergling x8  
  115  11:41  Zergling x2  
  104  12:14  Zergling x2  
  104  12:15  Zergling x24  
  89  12:48  Hydralisk  
  89  12:49  Hydralisk x6  
  50  13:08  Zergling x2  
  50  13:09  Zergling x12  
  50  13:10  Zergling x2  
  58  13:36  Roach  
  58  13:37  Roach x6  
  72  13:47  Roach  
  72  13:48  Roach  
  76  13:53  Queen  
  78  14:14  Zergling x2  
  78  14:15  Zergling x14  
  78  14:27  Roach x3  
  78  14:28  Roach  
  78  14:48  Zergling x14  
  63  15:08  Roach x4  
  54  15:38  Roach  
  54  15:39  Roach x5  
  66  15:43  Drone  
  59  16:14  Drone  
  59  16:15  Drone x7  
  67  16:37  Hydralisk x3  
  67  16:38  Hydralisk x3  
  79  16:48  Roach x3  
  71  17:09  Hydralisk  
  71  17:10  Hydralisk x5  
  77  17:25  Zergling x2  
  77  17:26  Zergling x20  
  77  17:27  Zergling x2  
  89  17:32  Drone  
  89  17:33  Drone x2  
  90  18:05  Zergling x22  
  85  18:06  Zergling x2  
  92  18:13  Roach  
  92  18:14  Roach x5  
  92  18:15  Zergling x2  
  92  18:16  Zergling x4  
  107  18:23  Zergling x2  
  107  18:24  Zergling x6  
Show
View Real Time Build Order
Export as new Build Order

Nightmare Protoss - Winner!

Build Orders: Zealot Archon 

Get SALT Encoding   

  12  0:00  Probe  
  13  0:08  Probe  
  14  0:18  Pylon  
  14  0:21  Probe  
  15  0:36  Probe  
  15  0:38  Gateway  
  16  0:49  Forge  
  16  0:53  Probe  
  17  0:59  Assimilator  
  17  1:05  Probe  
  18  1:17  Probe  
  19  1:21  Gateway  
  19  1:26  Cybernetics Core  
  19  1:28  Probe  
  19  1:32  Assimilator  
  20  1:36  Probe, Pylon  
  20  1:45  Probe  
  22  1:54  Gateway  
  22  1:56  Probe  
  23  2:03  Warp Gate  
  23  2:05  Pylon  
  23  2:26  Nexus  
  23  2:40  Stalker  
  25  2:45  Twilight Council  
  25  2:50  Pylon  
  25  3:08  Stargate  
  25  3:12  Stalker  
  27  3:21  Pylon, Charge  
  27  3:23  Probe  
  28  3:35  Probe  
  29  3:43  Probe  
  29  3:47  Probe  
  31  3:51  Zealot x2  
  35  3:56  Probe  
  35  4:00  Probe  
  37  4:06  Probe  
  37  4:08  Probe  
  38  4:14  Probe  
  38  4:16  Probe  
  38  4:17  Protoss Ground Weapons Level 1  
  39  4:22  Probe  
  41  4:26  Probe  
  41  4:28  Assimilator  
  43  4:34  Probe  
  43  4:35  Oracle  
  43  4:38  Probe  
  48  4:46  Pylon x2  
  48  4:50  Zealot x2  
  52  4:53  Probe  
  52  4:54  Probe  
  54  5:04  Assimilator, Pylon  
  54  5:17  Templar Archives  
  54  5:21  Probe x2  
  56  5:29  Probe x2  
  56  5:34  Oracle  
  61  5:37  Probe x2, Zealot  
  61  5:38  Zealot  
  67  5:45  Pylon  
  67  5:48  Gateway  
  67  5:51  Gateway  
  67  5:57  Gateway, Pylon  
  67  5:59  Zealot  
  67  6:01  Zealot  
  62  6:21  Protoss Ground Weapons Level 2  
  62  6:22  High Templar x2  
  62  6:24  Photon Cannon  
  66  6:27  Photon Cannon, Archon  
  66  6:36  Pylon  
  66  6:46  Gateway, High Templar x2  
  70  6:49  Pylon  
  70  6:50  Archon  
  70  6:53  Psionic Storm  
  70  7:00  Zealot x2  
  74  7:03  Stalker  
  74  7:08  Phoenix  
  78  7:10  Pylon  
  78  7:12  Pylon  
  78  7:22  High Templar  
  80  7:23  Zealot x2  
  84  7:31  Photon Cannon  
  84  7:33  Phoenix  
  84  7:35  Photon Cannon  
  83  7:49  Phoenix  
  85  8:13  Fleet Beacon  
  85  8:23  Nexus  
  85  8:24  Protoss Shields Level 1  
  85  8:44  Pylon  
  85  8:47  High Templar, Pylon  
  85  8:48  High Templar  
  89  8:49  Zealot, High Templar  
  89  8:50  Zealot  
  89  8:51  Pylon, Archon  
  89  8:53  Assimilator  
  89  8:54  Assimilator  
  95  9:02  Pylon  
  95  9:03  Tempest  
  95  9:05  Pylon  
  95  9:07  Pylon  
  100  9:17  Zealot x2  
  100  9:20  Zealot x2  
  100  9:21  Zealot  
  110  9:30  Shield Battery  
  110  9:32  Photon Cannon  
  110  9:41  High Templar x2  
  114  9:50  Forge  
  114  9:52  Photon Cannon, Shield Battery  
  114  9:54  High Templar x2, Protoss Ground Weapons Level 3  
  114  9:59  Archon  
  118  10:05  Protoss Air Weapons Level 1  
  118  10:08  Probe x3  
  118  10:10  Robotics Facility  
  121  10:25  Protoss Ground Armor Level 1  
  121  10:29  Probe  
  121  10:30  Probe x2  
  124  10:37  Probe  
  124  10:38  Probe x2  
  127  10:44  Mothership  
  127  10:46  Probe x3  
  127  10:47  High Templar x2  
  132  10:51  Archon  
  142  11:09  Warp Prism  
  144  11:20  Probe x2  
  146  11:29  High Templar  
  146  11:30  High Templar  
  150  11:34  Void Ray, Archon  
  150  11:36  Zealot  
  150  11:37  Zealot x2  
  160  11:47  Pylon  
  160  12:02  High Templar x2  
  162  12:17  Void Ray  
  86  12:35  Zealot x5  
  92  12:40  Gateway  
  90  12:44  Gateway  
  90  12:46  Gateway  
  90  12:47  Gateway  
  80  13:02  High Templar x4  
  80  13:03  High Templar  
  80  13:04  Protoss Shields Level 2  
  90  13:21  Gateway  
  90  13:26  Gateway x2, Archon  
  90  13:27  Archon  
  90  13:28  Gateway  
  90  13:31  Robotics Bay  
  90  13:35  High Templar x2  
  90  13:36  High Templar  
  90  13:37  Zealot x3  
  90  13:39  Zealot  
  104  13:43  Zealot  
  104  13:44  Zealot  
  108  13:59  High Templar x2  
  108  14:01  Pylon  
  108  14:02  Pylon  
  112  14:03  Archon  
  112  14:05  Pylon  
  112  14:07  Zealot x5  
  122  14:18  Nexus  
  122  14:19  Pylon  
  122  14:22  Pylon  
  120  14:46  Colossus  
  70  14:59  Zealot x2  
  67  15:00  Zealot x7  
  81  15:28  Zealot x4  
  84  15:29  Zealot x3  
  84  15:30  Colossus  
  91  15:49  Zealot x7  
  89  15:50  Zealot x2  
  89  15:59  Extended Thermal Lance  
  89  16:10  Zealot x2  
  89  16:11  Zealot x3  
  95  16:16  Colossus  
  70  16:21  Zealot  
  70  16:22  Zealot  
  70  16:23  Zealot  
  60  16:37  Zealot x3  
  64  17:05  Zealot x7  
  64  17:06  Zealot  
  64  17:07  Colossus  
  72  17:08  Nexus  
  68  17:17  High Templar  
  58  17:25  High Templar  
  58  17:26  High Templar x3  
  58  17:27  High Templar  
  58  17:28  High Templar  
  70  17:30  Archon x2  
  70  17:32  Archon  
  70  17:33  Assimilator  
  70  17:41  Assimilator  
  70  17:46  Assimilator, High Templar x2  
  70  17:50  Archon  
  74  18:02  Zealot x4  
  74  18:03  Zealot x3  
  88  18:22  High Templar x2  
  88  18:24  Zealot x3  
  88  18:25  Zealot x3  
  104  18:27  Archon  
Show
View Real Time Build Order
Export as new Build Order

XxDepravity Zerg - Winner!

Build Orders: Hatch First 

Get SALT Encoding   

  12  0:01  Drone  
  13  0:13  Overlord  
  13  0:27  Drone  
  14  0:31  Drone x2  
  16  0:41  Drone  
  17  0:57  Drone  
  17  1:02  Hatchery  
  17  1:04  Drone  
  18  1:11  Extractor  
  17  1:21  Spawning Pool, Drone  
  17  1:22  Drone  
  18  1:53  Drone  
  19  1:54  Drone  
  19  1:55  Drone  
  21  2:12  Overlord  
  21  2:13  Hatchery, Queen  
  22  2:18  Zergling x2  
  23  2:52  Metabolic Boost  
  23  2:56  Queen  
  23  2:58  Queen  
  25  2:59  Drone  
  25  3:00  Overlord, Drone x3  
  31  3:14  Drone x3  
  33  3:29  Baneling Nest  
  33  3:31  Drone x2  
  33  3:32  Drone, Extractor  
  34  3:44  Zergling x4  
  34  3:45  Zergling x10  
  34  3:47  Overlord  
  41  3:56  Drone  
  42  4:06  Drone  
  44  4:10  Zergling x8  
  44  4:11  Zergling x6  
  50  4:28  Overlord x3  
  50  4:34  Baneling x5  
  50  4:35  Baneling  
  50  4:42  Overlord x2  
  50  5:08  Roach Warren  
  50  5:12  Lair, Evolution Chamber  
  50  5:14  Drone x2, Evolution Chamber  
  50  5:16  Drone x3  
  50  5:19  Extractor  
  51  5:41  Zergling x24  
  53  5:56  Zerg Ground Armor Level 1, Zerg Missile Weapons Level 1  
  49  6:12  Spore Crawler  
  49  6:15  Spine Crawler  
  49  6:16  Hatchery  
  46  6:24  Zergling x8  
  46  6:25  Zergling x2  
  46  6:29  Drone  
  46  6:30  Drone  
  41  6:40  Drone x4  
  45  6:47  Drone x3  
  45  6:53  Drone x3  
  51  7:02  Drone x3  
  51  7:05  Drone x2  
  56  7:19  Spore Crawler  
  55  7:25  Roach x5  
  55  7:26  Roach  
  67  7:34  Extractor  
  67  7:35  Drone x5  
  71  7:55  Drone x3  
  74  7:58  Drone x3  
  74  7:59  Drone  
  74  8:01  Extractor  
  77  8:06  Spore Crawler  
  77  8:08  Drone x5  
  77  8:09  Drone x2, Spine Crawler  
  77  8:11  Queen  
  84  8:14  Spine Crawler  
  84  8:18  Glial Reconstitution  
  83  8:24  Hydralisk Den  
  83  8:25  Pneumatized Carapace  
  82  8:29  Zerg Missile Weapons Level 2  
  82  8:31  Zerg Ground Armor Level 2  
  82  8:33  Overlord  
  82  8:36  Drone x2  
  84  8:57  Hydralisk x6, Burrow  
  84  9:00  Overlord x2  
  96  9:13  Hatchery  
  95  9:30  Drone x2  
  97  9:33  Grooved Spines  
  97  9:58  Drone x3  
  100  10:04  Extractor  
  99  10:11  Spire  
  99  10:13  Infestation Pit  
  97  10:17  Nydus Network  
  97  10:20  Lurker Den  
  95  10:36  Drone x2  
  95  10:40  Queen  
  95  10:41  Hydralisk  
  95  10:42  Hydralisk x8  
  103  10:46  Ravager  
  103  10:47  Overlord x5  
  118  11:07  Hive  
  118  11:09  Zerg Melee Weapons Level 1  
  118  11:13  Overlord x4  
  118  11:14  Zergling x2  
  118  11:15  Zergling x36  
  137  11:19  Ravager x5  
  137  11:22  Roach x5  
  152  11:28  Nydus Canal  
  152  11:38  Drone x4  
  156  11:40  Overlord x3  
  156  11:42  Overseer x2  
  126  12:29  Nydus Canal  
  126  12:33  Hydralisk x5  
  126  12:34  Hydralisk, Roach x6, Mutalisk  
  126  12:35  Corruptor x2, Mutalisk x2  
  126  12:36  Corruptor x3, Mutalisk  
  147  13:11  Mutalisk x2  
  138  13:16  Greater Spire  
  138  13:21  Drone  
  138  13:22  Drone  
  138  13:24  Hydralisk x3  
  138  13:25  Roach x3, Zergling x2  
  138  13:26  Zergling x12  
  159  13:28  Ravager  
  159  13:29  Ravager x4  
  159  13:31  Zergling x2  
  159  13:32  Zergling x4  
  167  13:35  Extractor  
  167  13:37  Extractor  
  165  13:47  Extractor  
  164  13:50  Hatchery  
  164  13:53  Zerg Missile Weapons Level 3  
  164  13:55  Extractor  
  112  14:46  Hydralisk x5, Roach  
  112  14:47  Roach x4  
  112  14:52  Adaptive Talons  
  132  14:59  Nydus Canal  
  89  15:16  Hydralisk x3  
  89  15:17  Hydralisk x4, Roach x5  
  89  15:18  Roach x2  
  117  15:22  Lurker x2  
  115  15:28  Lurker x3  
  115  15:29  Zergling x2  
  115  15:30  Zergling x6  
  117  15:37  Muscular Augments  
  92  15:45  Lurker x3  
  92  15:47  Hydralisk  
  80  15:51  Hydralisk x3, Roach x2  
  80  15:52  Roach  
  73  16:22  Hydralisk x5  
  73  16:23  Hydralisk x2, Roach x6  
  99  16:34  Hydralisk  
  99  16:35  Roach x2  
  99  16:57  Hatchery  
  92  17:09  Hydralisk x5  
  92  17:10  Roach x4  
  76  17:59  Hydralisk x3  
  76  18:00  Hydralisk, Roach x3  
  72  18:11  Drone x3  
  67  18:17  Drone  
Tags
 
Add a new tag
Caveats
  • Supply blocks, unpowered buildings, or Contaminate may cause inaccurate times.
  • Supply counts are checked every 10 seconds.